cohdb
Replays
Latest Replays
All Replays
Popular Replays
Top Player Replays
Match Explorer
How It Works
Community
CoH3 Stats
Reddit
Sign in to upload your games and track your stats! →
Sign in with Steam
Match 40406994
Unlisted
Match 40406994
Overview
Messages
Build Orders
End
Construct Infanterie Kompanie
Pioneer Squad
Selects Terror Battlegroup
Selects Machine Gun Camouflage
MG 42 Machine Gun Team
MG 42 Machine Gun Team
Construct Panzergrenadier Kompanie
Panzergrenadier Squad
Panzergrenadier Squad
Panzergrenadier Officer Quarters
Medical Bunker
Selects Contempt for the Weak
Forward Retreat Point
Construct Panzer Kompanie
Selects Jericho Trumpet
Panzer IV Medium Tank
Stoßtruppen Squad
Panzer IV Medium Tank
Panzer Officer Quarters
Selects Defend the Fatherland
Side Skirts
Stoßtruppen Squad
Panzer IV Medium Tank
Selects V1 Rocket Strike
Stoßtruppen Squad
Jericho Trumpet
Panzer IV Medium Tank
Defend the Fatherland
打飞医保卡
Michel-®
HighFive
GG Shermi
Dahlian
Random_Target
Luce
Turtleboy
0
0
Comments
sign in to comment!
No comments posted yet!